 Dungeon Crawl Stone Soup version 0.19.1 (webtiles) character file.

137 M4edhros the Sneak (level 5, 0/33 HPs)
             Began as an Octopode Artificer on Dec 26, 2016.
             Succumbed to a worker ant's poison
             ... on level 4 of the Dungeon.
             The game lasted 00:01:46 (1377 turns).

M4edhros the Sneak (Octopode Artificer)             Turns: 1377, Time: 00:01:47

Health: 0/33       AC:  1    Str: 11    XL:     5   Next: 20%
Magic:  7/7        EV: 13    Int: 13    God:
Gold:   100        SH:  0    Dex: 14    Spells: 0 memorised, 4 levels left

rFire  . . .     SeeInvis .     a - +0 short sword
rCold  . . .     Gourm    .     (no shield)
rNeg   . . .     Faith    .     (helmet restricted)
rPois  .         Spirit   .     (no amulet)
rElec  .         Reflect  .     (no ring)
rCorr  .         Harm     .     (no ring)
MR     .....                    (no ring)
Stlth  ++++......               (no ring)
                                (no ring)
                                (no ring)
                                (no ring)
                                (no ring)

@: lethally poisoned (0 -> -3), very slightly contaminated, invisible
A: almost no armour, stealthy swim, amphibious, 8 rings, constrict 8, camouflage
1, gelatinous body 1
a: no special abilities


You were on level 4 of the Dungeon.
You were hungry.

You visited 1 branch of the dungeon, and saw 4 of its levels.

You collected 100 gold pieces.

Inventory:

Hand Weapons
 a - a +0 short sword (weapon)
Missiles
 i - 31 sling bullets
Wands
 b - a wand of flame (9/48)
 c - a wand of enslavement (14/24)
 d - a wand of random effects (13/48)
Scrolls
 h - 2 scrolls of fear {unknown}
 j - 2 scrolls of fog {unknown}
 l - 2 scrolls of identify {unknown}
 m - a scroll of remove curse {unknown}
 o - a scroll of recharging {unknown}
 p - a scroll of immolation {unknown}
Potions
 e - a potion of brilliance
Comestibles
 f - 2 bread rations
 g - a fruit
 n - 7 chunks of flesh


   Skills:
 - Level 1.0 Fighting
 - Level 1.0 Short Blades
 - Level 2.0 Dodging
 + Level 7.0 Stealth
 - Level 3.2 Evocations


You had 4 spell levels left.
You didn't know any spells.

Dungeon Overview and Level Annotations

Branches:
Dungeon (4/15)
 Temple: D:4-7

Altars:


Innate Abilities, Weirdness & Mutations

You cannot wear most types of armour.
You are very stealthy in the water. (Stealth+)
You are amphibious.
You can wear up to eight rings at the same time.
You can use your tentacles to constrict eight enemies at once.
Your skin changes colour to match your surroundings (Stealth+).
Your rubbery body absorbs attacks. (AC +1, EV +1)


Message History

* * * LOW HITPOINT WARNING * * *
You feel sick.
The giant cockroach closely misses you. x2
You hit the giant cockroach.
The giant cockroach is severely wounded.
You constrict the giant cockroach.
The giant cockroach escapes!
Evoke which item? (* to show all) (? for menu, Esc to quit)
Zapping:
b - a wand of flame (10/48)
Press: ? - help, Shift-Dir - straight line, f - giant cockroach
Aim: a giant cockroach (almost dead, clinging, hasn't noticed you)
The puff of flame hits the giant cockroach.
You kill the giant cockroach!
This wand has 9 charges left.
* * * LOW HITPOINT WARNING * * *
You feel sick.
* * * LOW HITPOINT WARNING * * *
You feel sick.
Found a grey potion.
* * * LOW HITPOINT WARNING * * *
You feel sick.
You die...

......)..........#######
.......†...............##
..#####..#######.####.#.##
#..## #.....###..
.#####...# ######.#.#<
#.........####### ##.##.
...####..........####...#.
##..######......#... #.@#
######...#. #.!# ##.###
#..# #.### ...#
########.#.. # ###.#
#........#.# ##.
#...#####.######.).. ..#
#.#......# ###..#( #.#
#<#.###.####......
#..###................


There were no monsters in sight!

Vanquished Creatures
  Jessica (D:2)
  2 worker ants (D:4)
  A howler monkey skeleton (D:4)
  A worm (D:2)
  2 dart slugs
  A leopard gecko (D:1)
  3 orcs (D:4)
  4 bats
  4 giant cockroaches
  3 hobgoblins (D:1)
  6 jackals
  A quokka (D:3)
  2 ball pythons
  6 frilled lizards
  4 goblins
  2 kobolds
  A rat (D:3)
44 creatures vanquished.

Notes
Turn   | Place    | Note
-------+----------+-------------------------------------------
     0 | D:1      | M4edhros the Octopode Artificer began the quest for the Orb.
     0 | D:1      | Reached XP level 1. HP: 13/13 MP: 3/3
    86 | D:1      | Reached skill level 2 in Stealth
   225 | D:1      | Reached skill level 3 in Stealth
   225 | D:1      | Reached XP level 2. HP: 16/18 MP: 4/4
   672 | D:2      | Noticed Jessica
   677 | D:2      | Killed Jessica
   677 | D:2      | Reached skill level 5 in Stealth
   677 | D:2      | Reached XP level 3. HP: 23/23 MP: 5/5
   765 | D:3      | Reached XP level 4. HP: 25/28 MP: 6/6
  1196 | D:4      | Reached skill level 6 in Stealth
  1353 | D:4      | Noticed an ogre
  1364 | D:4      | Reached skill level 7 in Stealth
  1364 | D:4      | Reached XP level 5. HP: 6/33 MP: 7/7
  1371 | D:4      | HP: 1/33 [poisoned by a worker ant]
  1377 | D:4      | Succumbed to a worker ant's poison

Skill      XL: |  1  2  3  4 |
---------------+-------------+-----
Stealth        | 3 5 7 |  7.0
Fighting       | |  1.0
Short Blades   | |  1.0
Dodging        | |  2.0
Evocations     | |  3.2

Action                   |  1- 3 |  4- 6 || total
-------------------------+-------+-------++-------
Melee: Short sword       |    56 |    38 ||    94
       Constrict         |    13 |    11 ||    24
       Tentacles         |    11 |     4 ||    15
Evoke: Wand              |       |     9 ||     9
  Use: Potion            |       |     4 ||     4
 Stab: Sleeping          |     6 |     3 ||     9
  Eat: Chunk             |       |     1 ||     1
Armor: Skin              |     8 |     1 ||     9
Dodge: Dodged            |    42 |    30 ||    72
